Map: Black Site 2E

Players

Nyro

  • Race: Terran Terran
  • Spawn Location: 9:00

xXNETXx

  • Race: Terran Terran
  • League: Gold
  • Spawn Location: 12:00

wildeddie

  • Race: Terran Terran
  • Spawn Location: 11:00

magik - Winner!

  • Race: Protoss Protoss
  • Spawn Location: 6:00

Metasapien - Winner!

  • Race: Zerg Zerg
  • League: Platinum
  • Spawn Location: 3:00

Leviathan - Winner!

  • Race: Zerg Zerg
  • Spawn Location: 5:00

VOD

Have the link to the VOD?

Description

Time

  • Played on: Sept. 23, 2017, 5:44 p.m.
  • Length: 11:29
Show
View Real Time Build Order
Export as new Build Order

Nyro Terran 

Build Orders:  

Get SALT Encoding   

  12  0:01  SCV  
  13  0:26  Supply Depot  
  13  0:28  SCV  
  14  0:35  Supply Depot  
  14  0:52  Barracks  
  14  1:01  Supply Depot  
  14  1:03  SCV  
  15  1:08  Refinery  
  15  1:15  SCV  
  16  1:27  SCV  
  16  1:31  Barracks  
  17  1:40  Orbital Command  
  17  1:46  Marine  
  18  2:04  Marine  
  19  2:21  Marine x2  
  18  2:37  Barracks  
  18  2:39  Factory, Marine  
  19  2:48  Marine  
  21  3:02  SCV  
  22  3:06  Marine  
  22  3:18  Marine  
  23  3:22  Factory Tech Lab  
  23  3:27  Barracks Tech Lab  
  23  3:36  Marine  
  24  3:48  Siege Tank  
  27  3:54  Marine  
  28  4:00  Command Center  
  28  4:10  Refinery  
  28  4:11  Marine  
  29  4:17  Starport  
  29  4:19  Barracks Reactor  
  29  4:20  Marine  
  30  4:29  Marine  
  31  4:44  Marine  
  32  4:52  Barracks Reactor  
  32  5:02  Starport Reactor, Marauder  
  32  5:04  Marine x2  
  32  5:05  Engineering Bay  
  36  5:10  Widow Mine  
  38  5:15  SCV x2  
  40  5:22  Marine  
  40  5:23  Marine  
  32  5:42  Marauder  
  31  5:50  Orbital Command  
  31  6:16  Marine  
  33  6:40  SCV  
  33  6:52  SCV  
  34  7:07  Orbital Command  
  23  7:40  Command Center  
  23  7:49  SCV  
  24  8:08  SCV  
  25  8:20  SCV  
  26  8:32  SCV  
  27  8:44  SCV  
  28  8:53  Orbital Command  
  28  8:57  SCV  
  27  9:44  Marine x2  
  27  9:45  Marine  
  20  9:50  SCV x2  
  20  9:54  Marine x2  
  22  10:02  SCV, Marine  
  21  10:12  Marauder  
Show
View Real Time Build Order
Export as new Build Order

xXNETXx Terran 

Build Orders: Cyclone Opening 

Get SALT Encoding   

  12  0:01  SCV  
  13  0:13  SCV  
  14  0:23  Supply Depot  
  14  0:27  SCV  
  15  0:44  SCV  
  15  0:47  Barracks  
  16  0:57  Refinery, SCV  
  17  0:58  Refinery  
  17  1:14  Barracks, SCV  
  18  1:26  SCV  
  19  1:45  Orbital Command, Supply Depot  
  19  1:57  Factory  
  19  2:00  Marine  
  20  2:04  Barracks Tech Lab  
  20  2:18  Marine  
  21  2:31  Marine  
  21  2:36  Marine  
  23  2:43  Cyclone  
  26  2:48  Marine  
  27  3:07  Marine  
  28  3:24  SCV  
  29  3:46  Supply Depot  
  29  3:47  Supply Depot  
  29  3:52  Command Center  
  29  3:55  Barracks Reactor  
  29  4:03  Starport  
  29  4:06  Barracks  
  29  4:07  Siege Tank  
  32  4:14  Marine  
  33  4:52  SCV  
  34  5:04  SCV, Viking x2  
  39  5:26  Marine  
  39  5:27  Marine  
  41  5:30  Siege Tank  
  44  5:44  Marine x2  
  46  6:35  Engineering Bay  
  46  6:36  Command Center  
  46  7:02  Barracks Tech Lab x2  
  46  7:04  Siege Tank  
  49  7:28  SCV  
  50  7:31  Refinery  
  50  7:32  Refinery  
  50  7:38  Factory  
  50  7:41  SCV  
  50  7:43  Armory  
  51  7:47  Barracks  
  51  7:57  Orbital Command  
  51  8:00  Concussive Shells, Sensor Tower  
  51  8:01  Stimpack, Marine  
  51  8:02  Marauder  
  51  8:04  Siege Tank  
  57  8:06  SCV  
  60  8:20  Marauder  
  60  8:22  Marine  
  61  8:41  Marauder, Marine  
  64  8:58  Sensor Tower  
  62  9:04  Orbital Command  
  55  9:14  Marine  
  55  9:15  Marauder x2  
  35  9:32  Marine  
  35  9:36  Marauder, Marine  
  35  9:37  Barracks  
  37  9:39  Barracks  
  36  9:50  Marine  
  31  9:54  Marauder  
  31  9:55  SCV  
  31  9:57  Marine  
  25  10:07  SCV  
Show
View Real Time Build Order
Export as new Build Order

wildeddie Terran 

Build Orders:  

Get SALT Encoding   

  12  0:02  SCV  
  13  0:15  SCV  
  14  0:25  Supply Depot  
  14  0:27  SCV  
  15  0:47  SCV  
  16  0:54  Supply Depot  
  16  0:56  Barracks  
  16  1:05  SCV  
  17  1:15  Refinery  
  17  1:17  Refinery  
  17  1:32  SCV  
  18  1:45  Command Center  
  18  2:03  SCV  
  18  2:07  Marine  
  20  2:15  Factory  
  20  2:21  Barracks  
  20  2:31  SCV  
  21  2:45  Supply Depot  
  21  2:47  Supply Depot  
  21  2:48  SCV  
  22  3:00  SCV  
  22  3:02  Refinery  
  24  3:05  SCV  
  24  3:09  Factory Tech Lab  
  24  3:15  Barracks Tech Lab  
  24  3:20  SCV  
  24  3:22  SCV  
  26  3:27  Barracks Reactor  
  26  3:35  Siege Tank  
  26  3:37  SCV  
  26  3:40  SCV  
  31  3:51  Marauder  
  31  3:52  SCV  
  31  3:53  SCV  
  35  4:04  SCV  
  35  4:09  Siege Tank  
  39  4:10  SCV  
  39  4:13  Marauder  
  39  4:16  SCV  
  43  4:22  SCV  
  44  4:28  SCV, Supply Depot  
  45  4:36  Marauder, Marine x2  
  45  4:37  SCV  
  50  4:40  SCV  
  51  4:52  Stimpack  
  52  4:54  Orbital Command  
  52  4:55  Orbital Command  
  51  5:01  Refinery  
  51  5:07  Supply Depot  
  51  5:10  Supply Depot  
  51  5:15  Starport  
  51  5:20  Starport  
  51  5:52  Viking  
  53  6:02  Engineering Bay, Viking  
  55  6:11  Supply Depot  
  55  6:12  SCV x2, Supply Depot  
  55  6:15  Engineering Bay  
  57  6:22  Viking  
  57  6:24  SCV  
  60  6:27  SCV  
  60  6:32  Starport Reactor  
  61  6:37  SCV  
  62  6:57  Missile Turret  
  62  7:07  Missile Turret  
  59  7:16  Viking x2  
  59  7:18  Missile Turret  
  59  7:19  Starport Reactor  
  63  7:29  Missile Turret  
  63  7:35  Marauder, Marine x2  
  63  7:36  Siege Tank  
  71  7:37  SCV x2  
  71  7:38  Missile Turret  
  72  7:49  SCV x2  
  74  7:51  Missile Turret  
  74  8:01  Terran Infantry Weapons Level 1, SCV x2  
  74  8:02  Armory  
  76  8:13  SCV x2  
  78  8:20  Supply Depot  
  78  8:23  Supply Depot  
  78  8:25  SCV  
  79  8:32  SCV  
  80  8:37  SCV  
  79  8:45  Barracks  
  79  8:47  Viking x3  
  79  8:48  Viking  
  85  8:53  Barracks x2  
  85  9:00  Supply Depot  
  85  9:02  Supply Depot  
  85  9:08  SCV  
  85  9:09  SCV  
  87  9:17  Viking  
  89  9:25  Command Center  
  85  9:38  Marauder  
  85  9:39  Marine x2  
  85  9:41  Viking x2  
  87  9:55  Marine x3  
  87  9:57  Marine  
  90  10:00  Marauder, Viking  
  89  10:08  Supply Depot x2  
  83  10:15  Marine x3  
  83  10:21  Marauder  
  82  10:30  Barracks Tech Lab  
  82  10:32  Barracks Tech Lab  
  82  10:33  Barracks Tech Lab  
  81  10:38  Marine x2  
  81  10:40  Viking x4  
  81  10:42  Marauder  
  92  10:49  Marauder  
  92  10:51  Marauder  
  92  10:53  Marauder  
  92  10:55  Siege Tank  
  92  10:56  SCV, Marine  
  98  11:04  Marauder  
  93  11:09  Marine  
Show
View Real Time Build Order
Export as new Build Order

magik Protoss - Winner!

Build Orders:  

Get SALT Encoding   

  12  0:02  Probe (Chrono Boost)  
  13  0:15  Probe (Chrono Boost)  
  14  0:25  Probe (Chrono Boost)  
  15  0:29  Pylon  
  15  0:48  Probe (Chrono Boost)  
  16  0:53  Forge  
  16  0:58  Probe (Chrono Boost)  
  17  1:07  Pylon  
  17  1:12  Probe (Chrono Boost)  
  18  1:33  Pylon  
  18  1:43  Gateway  
  18  1:51  Photon Cannon  
  18  1:55  Pylon  
  18  1:56  Pylon  
  17  2:26  Photon Cannon  
  17  2:48  Nexus  
  17  3:01  Pylon  
  17  3:09  Assimilator  
  17  3:12  Cybernetics Core  
  17  3:13  Assimilator  
  17  3:15  Probe (Chrono Boost)  
  18  3:25  Probe (Chrono Boost)  
  19  3:37  Nexus  
  19  3:58  Probe (Chrono Boost)  
  19  4:00  Probe (Chrono Boost)  
  21  4:08  Probe (Chrono Boost)  
  21  4:09  Pylon  
  22  4:11  Probe (Chrono Boost), Pylon  
  23  4:19  Probe (Chrono Boost)  
  23  4:21  Probe (Chrono Boost)  
  25  4:27  Pylon  
  25  4:29  Probe (Chrono Boost)  
  26  4:32  Probe (Chrono Boost)  
  27  4:40  Probe (Chrono Boost)  
  27  4:41  Stargate  
  27  4:42  Probe (Chrono Boost)  
  29  4:50  Probe (Chrono Boost)  
  29  4:51  Probe (Chrono Boost)  
  31  4:53  Probe (Chrono Boost)  
  31  4:55  Photon Cannon  
  32  5:01  Probe (Chrono Boost)  
  32  5:02  Probe (Chrono Boost)  
  32  5:03  Probe (Chrono Boost)  
  35  5:17  Probe x3 (Chrono Boost)  
  38  5:28  Probe x2 (Chrono Boost)  
  40  5:37  Stargate  
  40  5:38  Stargate  
  40  5:43  Assimilator  
  40  5:45  Probe (Chrono Boost), Assimilator  
  40  5:46  Probe x2 (Chrono Boost)  
  43  5:56  Probe x3 (Chrono Boost)  
  46  5:59  Photon Cannon  
  46  6:07  Probe x3 (Chrono Boost)  
  49  6:12  Protoss Air Weapons Level 1 (Chrono Boost)  
  49  6:17  Probe x2 (Chrono Boost)  
  49  6:18  Probe (Chrono Boost)  
  52  6:19  Phoenix  
  54  6:28  Probe x2 (Chrono Boost)  
  56  6:33  Assimilator  
  56  6:35  Probe (Chrono Boost)  
  56  6:38  Probe x2 (Chrono Boost), Assimilator  
  59  6:45  Probe (Chrono Boost), Phoenix x2  
  59  6:46  Phoenix  
  66  6:49  Probe x2 (Chrono Boost)  
  68  6:56  Probe (Chrono Boost)  
  68  6:57  Cybernetics Core  
  68  6:59  Probe (Chrono Boost)  
  68  7:00  Photon Cannon  
  70  7:06  Pylon  
  70  7:10  Pylon  
  70  7:39  Fleet Beacon  
  70  7:40  Void Ray x2 (Chrono Boost)  
  70  7:41  Void Ray (Chrono Boost)  
  70  7:42  Nexus  
  78  7:48  Protoss Shields Level 1  
  82  8:08  Protoss Air Armor Level 1 (Chrono Boost)  
  82  8:13  Carrier  
  82  8:16  Mothership Core  
  82  8:17  Carrier, Probe  
  82  8:18  Probe  
  92  8:30  Probe  
  92  8:31  Probe  
  100  8:37  Probe  
  101  8:42  Probe  
  102  8:51  Photon Cannon  
  102  8:54  Photon Cannon  
  102  8:58  Pylon  
  102  9:00  Probe  
  102  9:01  Pylon  
  102  9:02  Probe x3  
  106  9:03  Pylon  
  106  9:11  Probe  
  106  9:14  Probe x3  
  110  9:21  Probe  
  111  9:24  Stargate  
  111  9:26  Probe x3, Stargate  
  111  9:29  Assimilator  
  114  9:31  Assimilator  
  114  9:32  Probe  
  114  9:38  Probe x3  
  117  9:43  Probe  
  119  9:50  Probe x2  
  121  9:56  Carrier x2 (Chrono Boost)  
  121  10:01  Carrier (Chrono Boost)  
  139  10:09  Graviton Catapult  
  145  10:46  Nexus  
  145  11:26  Pylon  
  145  11:27  Pylon  
  145  11:29  Pylon  
Show
View Real Time Build Order
Export as new Build Order

Metasapien Zerg - Winner!

Build Orders: Hatch First 

Get SALT Encoding   

  12  0:10  Overlord  
  12  0:18  Drone x2  
  14  0:30  Drone  
  14  0:33  Drone  
  16  0:52  Hatchery  
  15  0:58  Drone  
  15  1:00  Drone  
  15  1:03  Extractor  
  16  1:05  Drone  
  17  1:19  Drone  
  18  1:26  Spawning Pool  
  18  1:27  Drone  
  18  1:41  Drone  
  19  1:57  Drone  
  19  1:58  Hatchery  
  19  2:02  Drone  
  19  2:07  Drone  
  21  2:11  Overlord  
  21  2:19  Metabolic Boost  
  21  2:21  Drone  
  22  2:32  Queen  
  24  2:39  Drone x2  
  24  2:42  Drone  
  27  2:50  Queen  
  29  2:54  Drone  
  29  2:57  Drone  
  31  2:58  Drone  
  31  3:01  Drone  
  33  3:06  Overlord  
  33  3:16  Drone  
  33  3:17  Overlord  
  34  3:20  Queen  
  34  3:23  Drone  
  37  3:31  Extractor  
  37  3:32  Drone x2  
  38  3:39  Drone x2  
  38  3:40  Roach Warren  
  39  3:43  Drone  
  39  3:44  Drone  
  39  3:46  Drone  
  42  3:51  Overlord  
  43  3:55  Drone  
  43  3:58  Drone x3  
  46  4:06  Drone x2  
  46  4:07  Drone x2  
  46  4:09  Extractor  
  49  4:11  Extractor, Lair  
  49  4:15  Pneumatized Carapace  
  48  4:18  Drone  
  48  4:20  Drone x2  
  48  4:21  Drone  
  52  4:26  Overlord  
  52  4:28  Overlord  
  52  4:36  Drone x2  
  52  4:37  Drone x2  
  56  4:43  Roach x3  
  62  4:46  Roach  
  62  4:47  Roach x2  
  62  4:49  Extractor  
  62  4:50  Overlord  
  67  4:57  Queen  
  69  5:12  Drone x4  
  73  5:16  Drone x2  
  73  5:17  Drone  
  73  5:18  Drone  
  73  5:19  Drone  
  78  5:21  Roach x2  
  78  5:22  Roach x3  
  78  5:24  Overlord x2  
  88  5:36  Overlord  
  88  5:37  Overlord  
  88  5:42  Drone, Extractor  
  88  5:43  Drone x2  
  90  5:52  Drone x2, Infestation Pit  
  90  5:53  Hydralisk Den  
  90  6:02  Roach  
  92  6:05  Glial Reconstitution  
  92  6:07  Queen  
  92  6:09  Queen  
  96  6:14  Drone  
  96  6:15  Drone x4  
  101  6:19  Hatchery  
  101  6:20  Overlord x4  
  101  6:22  Muscular Augments  
  100  6:29  Hydralisk x3  
  100  6:32  Drone  
  107  6:33  Drone  
  107  6:39  Zergling x4  
  111  6:40  Zergling x6  
  111  6:44  Overseer  
  111  6:46  Overseer  
  113  6:56  Hydralisk x3  
  113  6:57  Roach x5  
  129  7:06  Overlord x2  
  129  7:12  Drone  
  130  7:16  Spore Crawler  
  129  7:23  Tunneling Claws  
  129  7:26  Hive  
  129  7:33  Evolution Chamber  
  129  7:34  Queen, Evolution Chamber  
  129  7:35  Drone  
  130  7:47  Hydralisk x4  
  130  7:48  Roach x5, Hydralisk x3  
  130  7:49  Roach  
  130  7:50  Overlord x2  
  156  7:54  Drone  
  157  8:12  Zerg Missile Weapons Level 1  
  157  8:13  Zerg Ground Armor Level 1  
  157  8:15  Roach, Hydralisk x4  
  157  8:16  Roach x4  
  157  8:19  Overlord  
  175  8:21  Drone  
  175  8:22  Drone  
  177  8:29  Drone  
  177  8:33  Overlord x2  
  177  8:34  Overlord x2  
  178  8:36  Hydralisk x2  
  178  8:37  Roach  
  184  8:54  Roach x2, Hydralisk x3  
  184  8:55  Roach  
  173  9:22  Ravager x5  
  173  9:23  Ravager  
  173  9:24  Roach, Hydralisk x5  
  159  9:25  Roach x4  
  159  9:26  Roach x2  
  150  9:51  Hydralisk  
  150  9:52  Roach, Hydralisk x4  
  152  9:53  Roach x2  
  152  10:11  Overlord x4  
  152  10:12  Overlord  
  150  10:15  Overseer  
  150  10:16  Overseer  
  150  10:22  Extractor x2  
  150  10:26  Overlord x2  
  150  10:28  Pathogen Glands  
  148  10:35  Spire  
  147  10:45  Drone x3  
  147  10:48  Drone x2  
  147  10:50  Hydralisk  
  147  10:51  Roach, Hydralisk x4  
  147  10:52  Hydralisk, Roach x5  
  167  11:09  Roach x4  
  167  11:10  Roach  
Show
View Real Time Build Order
Export as new Build Order

Leviathan Zerg - Winner!

Build Orders: Pool First, Swarm Host 

Get SALT Encoding   

  12  0:08  Drone x2  
  14  0:20  Overlord  
  14  0:46  Spawning Pool  
  13  0:53  Drone x2  
  13  0:54  Drone  
  16  1:10  Extractor  
  15  1:22  Hatchery  
  15  1:23  Drone x2  
  16  1:28  Drone  
  17  1:39  Extractor  
  16  1:45  Queen  
  18  1:52  Drone x2  
  20  2:06  Overlord  
  20  2:25  Metabolic Boost  
  20  2:34  Drone x3  
  23  2:39  Lair  
  23  2:41  Drone  
  24  2:55  Drone  
  24  2:56  Drone x3  
  28  2:59  Drone x2  
  30  3:09  Extractor  
  29  3:16  Drone  
  30  3:22  Queen  
  30  3:23  Overlord  
  32  3:29  Drone x2  
  32  3:30  Drone  
  35  3:38  Infestation Pit  
  35  3:40  Overlord  
  34  3:56  Nydus Network  
  34  3:58  Overlord  
  34  4:01  Spore Crawler  
  32  4:04  Spore Crawler  
  32  4:06  Drone  
  32  4:08  Drone  
  33  4:28  Swarm Host x3  
  42  4:39  Swarm Host x2  
  42  4:40  Swarm Host  
  42  4:45  Swarm Host  
  54  4:54  Evolution Chamber  
  53  5:03  Nydus Canal  
  53  5:08  Overlord  
  53  5:09  Drone x3  
  56  5:31  Hive  
  56  5:33  Drone x3  
  59  5:39  Extractor  
  59  5:40  Nydus Canal  
  58  5:48  Overlord  
  58  5:53  Drone x4  
  62  6:08  Pneumatized Carapace  
  62  6:14  Zerg Missile Weapons Level 1  
  62  6:20  Evolution Chamber  
  62  6:22  Drone x3  
  64  6:29  Evolution Chamber  
  63  6:35  Nydus Canal  
  63  6:47  Drone x2  
  63  6:48  Drone x4, Hatchery  
  68  7:12  Ultralisk Cavern  
  68  7:15  Zerg Ground Armor Level 1  
  67  7:16  Zerg Melee Weapons Level 1  
  67  7:35  Spore Crawler  
  67  7:36  Spore Crawler  
  65  7:41  Spore Crawler  
  65  7:43  Spore Crawler  
  63  7:46  Drone x3  
  63  7:50  Overlord  
  66  7:57  Drone x2  
  68  8:00  Drone x2  
  68  8:02  Queen  
  68  8:03  Overlord  
  72  8:06  Chitinous Plating  
  72  8:14  Swarm Host x3  
  81  8:22  Extractor  
  81  8:24  Overlord x2  
  80  8:32  Nydus Canal  
  80  9:04  Ultralisk x2  
  80  9:05  Ultralisk x2  
  80  9:07  Overlord  
  104  9:21  Overlord x2  
  104  9:30  Overseer  
  104  9:33  Ultralisk  
  110  9:47  Ultralisk x2  
  110  9:49  Overlord  
  110  9:52  Drone x3  
  125  9:56  Extractor  
  124  10:22  Nydus Canal  
  130  10:28  Ultralisk x2  
Tags
 
Add a new tag
Caveats
  • Supply blocks, unpowered buildings, or Contaminate may cause inaccurate times.
  • Supply counts are checked every 10 seconds.